 Dungeon Crawl Stone Soup version 0.31-a0-743-g45f7035092 (webtiles) character file.

Game seed: 6232188663211501252

15192 demibob the Bludgeoner (level 11, 0/112 (115) HPs)
             Began as a Minotaur Chaos Knight on Sept 13, 2023.
             Was a Plaything of Xom.
             Slain by a spriggan
             ... wielding a +0 dagger
              (10 damage)
             ... on level 1 of the Lair of Beasts.
             The game lasted 00:24:11 (13037 turns).

demibob the Bludgeoner (Minotaur Chaos Knight)     Turns: 13037, Time: 00:24:12

HP:   0/112 (115)   AC: 11    Str: 22    XL:     11   Next: 98%
MP:   8/8           EV: 11    Int: 12    God:    Xom [.*....]
Gold: 378           SH:  0    Dex: 10    Spells: 10/10 levels left

rFire   + . .        a - +4 morningstar
rCold   . . .        (no shield)
rNeg    . . .        b - +2 leather armour
rPois   +            (helmet restricted)
rElec   .            k - +0 cloak
rCorr   .            u - +2 pair of gloves {hurl}
SInv    .            (no boots)
Will    +....        (no amulet)
Stlth   +            P - ring of poison resistance
HPRegen 0.38/turn    (no ring)
MPRegen 0.11/turn

%: clarity
@: about to teleport, lightly drained, invisible
A: horns 2, retaliatory headbutt, clarity, clever 1, fire resistance 1, low MP
1, strong-willed 1, robust 1, screaming 1, shaggy fur 2, strong 1, inability to
read after injury 1, noise suppression
a: Renounce Religion


You were on level 1 of the Lair of Beasts.
You worshipped Xom.
You were a plaything of Xom.
You visited 2 branches of the dungeon, and saw 11 of its levels.

You collected 752 gold pieces.
You spent 374 gold pieces at shops.


Innate Abilities, Weirdness & Mutations

You have a pair of horns on your head.
You reflexively headbutt those who attack you in melee.
You possess an exceptional clarity of mind.
Your mind is acute. (Int +4, Str/Dex -1)
Your flesh is heat resistant. (rF+)
Your magical capacity is low. (-10% MP)
You are strong-willed. (Will+)
You are robust. (+10% HP)
You occasionally shout uncontrollably at your foes.
You are covered in thick fur. (AC +2)
Your muscles are strong. (Str +4, Int/Dex -1)
You occasionally lose the ability to read scrolls when taking damage.
You passively dampen the noise of your surroundings.


   Skills:
 + Level 12.3 Fighting
 + Level 17.1 Maces & Flails
 + Level 9.0 Throwing
 - Level 2.4 Armour
 - Level 1.1 Dodging


You had 10 spell levels left.
You didn't know any spells.
Your spell library contained the following spells:

 Spells                   Type           Power      Damage    Failure   Level
 Apportation              Tloc           0%         N/A       36%         1
 Magic Dart               Conj           0%         1d3       36%         1
 Necrotise                Necr           0%         1d4       36%         1
 Sting                    Tmut/Pois      0%         1d3       36%         1
 Summon Small Mammal      Summ           0%         N/A       36%         1
 Blink                    Tloc           0%         N/A       50%         2
 Cigotuvi's Dreadful Rot  Necr/Pois/Air  0%         N/A       50%         2
 Lesser Beckoning         Tloc           0%         N/A       50%         2
 Momentum Strike          Conj/Tloc      0%         3d8       50%         2
 Poisonous Vapours        Pois/Air       0%         N/A       50%         2
 Searing Ray              Conj           0%         2d4       50%         2
 Inner Flame              Hex/Fire       0%         N/A       75%         3
 Dispel Undead            Necr           0%         3d6       98%         4
 Fulminant Prism          Conj/Hex       0%         3d5       98%         4
 Olgreb's Toxic Radiance  Pois           0%         N/A       98%         4
 Yara's Violent Unravell  Hex/Tmut       0%         3d3       100%        5
 Death Channel            Necr           0%         N/A       100%        6
 Enfeeble                 Hex            0%         N/A       100%        7

Inventory:

Hand Weapons
 a - a +4 morningstar (weapon)
 i - a +0 mace of chaos
 l - a +5 mace of protection
Missiles
 c - a throwing net (quivered) {=f}
 w - 4 atropa-tipped darts
Armour
 b - a +2 leather armour (worn)
 k - a +0 cloak (worn)
 u - a +2 pair of gloves of hurling (worn)
Jewellery
 m - a ring of magical power
 F - a ring of fire
 M - a ring of magical power
 P - a ring of poison resistance (left hand)
 Z - a ring of wizardry
Wands
 v - a wand of paralysis (10)
Scrolls
 d - 2 scrolls of teleportation {@r2}
 n - a scroll of poison
 y - a scroll of immolation
 z - a scroll of revelation
Potions
 f - 3 potions of cancellation
 h - a potion of mutation
 j - a potion of heal wounds {@q2}
 o - a potion of might
 p - a potion of magic {unknown}
 q - 4 potions of curing {@q1}
 s - 2 potions of lignification
 t - a potion of haste {@q3}
 x - a potion of enlightenment

Dungeon Overview and Level Annotations

Branches:
Dungeon (10/15)            Temple (0/1) D:5            Lair (1/5) D:10
    Orc: D:9-12

Altars:
Ashenzari
Cheibriados
Fedhas
Hepliaklqana
Kikubaaqudgha
Ru
Sif Muna
Trog
Uskayaw
Xom
Yredelemnul
Zin

Shops:
D:1 (   D:6 [=!   D:7 (

Annotations:
Lair:1 1 transporter, ooooo's ghost, journeyman OpCj

### ##...## #.########...##
###.......#...##
##.............#
#....▒▒▒▒▒....##
##..▒▒▒...▒▒▒..##
#..▒▒.....##▒▒..#
###..▒....###..▒..#
#...▒▒@).{#≈#..▒▒.##
##..▒yii...)....▒..##
##.©▒©ii#.⚑?...©▒©..###
#####...▒|)#≈..?##?.▒......
#.......▒▒####.#≈##▒▒......
#........▒#....### ▒.......
#........▒▒......#▒▒..##..#
#...<.....▒▒▒..W▒▒▒....#..+
#..(........▒▒▒▒▒....####.#


You could see a spriggan rider (ally target), a moth of wrath (unable to see
you), 3 spriggans and a friendly +1 antimagic trident.


Message History

The spriggan goes berserk!
The moth of wrath goads the spriggan on!
The spriggan goes berserk!
As you read the scroll of teleportation {@r2}, it crumbles to dust.
You feel strangely unstable.
The spriggan hits you with a +0 dagger! x2
The spriggan hits you with a +3 rapier of chaos!
You feel drained.
The moth of wrath goads the spriggan on!
The spriggan goes berserk!
The spriggan misses you.
Unknown command.
You fade into invisibility!
The spriggan misses you. You furiously retaliate!
You headbutt the spriggan! The spriggan closely misses you.
The moth of wrath bites you!!
* * * LOW HITPOINT WARNING * * *
The spriggan barely misses you. The spriggan hits you with a +0 dagger!
* * * LOW HITPOINT WARNING * * *
The spriggan closely misses you. The spriggan hits you with a +0 dagger!
* * * LOW HITPOINT WARNING * * *
The spriggan hits you but does no damage.
The spriggan rider hits you but does no damage.
The spriggan hits you with a +0 dagger.
* * * LOW HITPOINT WARNING * * *
Xom smiles on you.
The spriggan rider's +1 antimagic trident dances into the air!
The spriggan attacks as it pursues you! The spriggan hits you with a +0 dagger!
* * * LOW HITPOINT WARNING * * *
The spriggan hits you with a +0 dagger!
You die...
Xom bursts into laughter!

Skill      XL: |  1  2  3  4  5  6  7  8  9 10 11 |
---------------+----------------------------------+-----
Maces & Flails | 4 5 6 8 9 11 13 14 15 17 | 17.1
Fighting       | 5 8 10 12 | 12.3
Throwing       | 4 6 9 |  9.0
Armour         | |  2.4
Dodging        | |  1.1

Action                     |  1- 3 |  4- 6 |  7- 9 | 10-12 || total
---------------------------+-------+-------+-------+-------++-------
  Melee: Mace              |    87 |   101 |   269 |   115 ||   572
         Headbutt          |    12 |    19 |    47 |    55 ||   133
         Punch             |       |     1 |     1 |     7 ||     9
         Kick              |       |       |    37 |       ||    37
         Morningstar       |       |       |       |   162 ||   162
  Throw: Throwing net      |       |       |     2 |     2 ||     4
  Evoke: Wand              |       |       |     7 |    10 ||    17
    Use: Potion            |     2 |       |     1 |     8 ||    11
         Scroll            |       |     9 |    11 |    10 ||    30
   Stab: Invisible         |       |       |     2 |       ||     2
         Held in net/web   |       |       |     2 |       ||     2
 Armour: Leather armour    |    65 |    57 |   206 |   228 ||   556
  Dodge: Dodged            |    72 |    62 |   106 |   129 ||   369

Levels and vault maps discovered:
D:1:      roderic_crossed_star, layout_loops_cross, serial_shops, shop
D:2:      layout_loops_corners, wad_floor_pattern_untrapped
D:3:      layout_rooms, mainiacjoe_overflow_alcove_3,
          minmay_misc_feat_nine_boxes, minmay_misc_feat_more_columns,
          corexii_hall_statues_deadend, skrybe_limestone_x,
          minmay_fractal_squares_gapless_5
D:4:      layout_basic, grunt_temple_overflow_growth_and_decay
D:5:      layout_cave_pods, temple_statues
D:6:      layout_loops_ring, serial_shops, shop, shop, shop, item_on_display_b,
          uniq_crazy_yiuf_cottage
D:7:      layout_layer_cave, serial_shops, nicolae_shop_real_fake_doors
D:8:      layout_layer_cave, beargit_hepliaklqana_dungeon_heroes, uniq_maggie
D:9:      layout_rooms, led_sif_pool, uniq_prince_ribbit1
D:10:     layout_long_grid, jmf_multi_god_temple, erik_lair_island
Lair:1:   layout_hall_layers, gammafunk_ghost_wrathful_warriors,
          grunt_megastairs_1

Notes
Turn   | Place    | Note
-------+----------+-------------------------------------------
     0 | D:1      | demibob the Minotaur Chaos Knight began the quest for the
                  | Orb.
     0 | D:1      | Reached XP level 1. HP: 19/19 MP: 0/0
   114 | D:1      | XOM: divination: magic mapping
   135 | D:1      | Reached skill level 4 in Maces & Flails
   175 | D:1      | XOM: silly message
   235 | D:1      | Reached XP level 2. HP: 26/26 MP: 1/1
   473 | D:1      | Reached skill level 5 in Maces & Flails
   482 | D:1      | Found Plog's Antique Weapon Shoppe.
   484 | D:1      | XOM: scenery: summon butterflies
   490 | D:1      | Reached XP level 3. HP: 31/31 MP: 2/2
   640 | D:2      | XOM: summons 2 hostile demons
   648 | D:2      | Gained mutation: Your magical capacity is low. (-10% MP)
                  | [potion of mutation]
  1098 | D:2      | XOM: 1-stop teleportation journey
  1209 | D:2      | Reached skill level 6 in Maces & Flails
  1209 | D:2      | Reached XP level 4. HP: 35/39 MP: 2/2
  1232 | D:2      | XOM: draining
  1365 | D:1      | Bought a glowing mace for 114 gold pieces
  1751 | D:3      | XOM: stat loss: -1 Dex (9/10)
  1985 | D:3      | Found a hide-covered altar of Uskayaw.
  1986 | D:3      | Found a snail-covered altar of Cheibriados.
  1987 | D:3      | Found a broken altar of Ashenzari.
  1988 | D:3      | Found a basalt altar of Yredelemnul.
  2043 | D:3      | XOM: smoke on damage
  2155 | D:3      | Reached XP level 5. HP: 41/44 MP: 3/3
  2425 | D:3      | Reached skill level 7 in Maces & Flails
  3206 | D:4      | Found a blossoming altar of Fedhas.
  3207 | D:4      | Found an ancient bone altar of Kikubaaqudgha.
  3275 | D:4      | XOM: torment (24/45 hp)
  3396 | D:5      | Entered Level 5 of the Dungeon
  3413 | D:5      | XOM: noise
  3416 | D:5      | XOM: confusion (+ monsters)
  3425 | D:5      | Noticed a phantom
  3430 | D:5      | XOM: divination: detect creatures
  3433 | D:5      | XOM: potion effect (berserk rage)
  3437 | D:5      | Killed a phantom
  3438 | D:5      | Reached skill level 8 in Maces & Flails
  3438 | D:5      | Reached XP level 6. HP: 51/51 MP: 4/4
  3484 | D:5      | Reached skill level 9 in Maces & Flails
  3694 | D:5      | Found a staircase to the Ecumenical Temple.
  3845 | D:5      | Reached XP level 7. HP: 41/57 MP: 5/5
  4044 | D:5      | Reached skill level 10 in Maces & Flails
  4332 | D:5      | XOM: enchant monster (bad)
  4509 | D:5      | XOM: give mutation
  4509 | D:5      | Gained mutation: You passively dampen the noise of your
                  | surroundings. [Xom's grace]
  4543 | D:6      | Found Qoom's Distillery.
  4551 | D:6      | Bought a potion of heal wounds for 65 gold pieces
  4551 | D:6      | Bought a potion of might for 52 gold pieces
  4551 | D:6      | Bought a potion of curing for 39 gold pieces
  4551 | D:6      | Bought a potion of curing for 39 gold pieces
  4551 | D:6      | Bought a potion of berserk rage for 65 gold pieces
  4716 | D:6      | XOM: swap monsters
  4846 | D:6      | Found Lemoorer's Jewellery Boutique.
  4862 | D:6      | Reached skill level 11 in Maces & Flails
  4992 | D:6      | Found Dyvakhlu's Armour Emporium.
  5090 | D:6      | Found a runed translucent door.
  5091 | D:6      | Noticed Crazy Yiuf
  5205 | D:6      | XOM: give mutations
  5205 | D:6      | Gained mutation: You occasionally shout uncontrollably at
                  | your foes. [Xom's mischief]
  5205 | D:6      | Lost mutation: You passively dampen the noise of your
                  | surroundings. [Xom's mischief]
  5205 | D:6      | Gained mutation: Your mind is acute. (Int +4, Str/Dex -1)
                  | [Xom's mischief]
  5346 | D:6      | Killed Crazy Yiuf
  5397 | D:7      | a centaur changed into a fire bat
  5397 | D:7      | Noticed a fire bat
  5397 | D:7      | XOM: polymorph centaur -> fire bat
  5400 | D:7      | Noticed a komodo dragon
  5402 | D:7      | XOM: 2-stop teleportation journey
  5410 | D:7      | Reached XP level 8. HP: 64/64 MP: 6/6
  5456 | D:7      | Reached skill level 12 in Maces & Flails
  5457 | D:7      | XOM: cast spell 'Olgreb's Toxic Radiance'
  5637 | D:7      | XOM: blink monster(s)
  5642 | D:7      | XOM: scenery: create altars
  5657 | D:7      | HP: 5/64 [komodo dragon (28)]
  5909 | D:6      | XOM: enchant monster (good)
  5916 | D:6      | Reached skill level 13 in Maces & Flails
  6054 | D:7      | Reached skill level 4 in Fighting
  6096 | D:7      | XOM: 2-stop teleportation journey
  6306 | D:7      | XOM: fog
  6313 | D:7      | a komodo dragon changed into a polar bear
  6313 | D:7      | Noticed a polar bear
  6313 | D:7      | XOM: polymorph komodo dragon -> polar bear
  6317 | D:7      | Killed a polar bear
  6317 | D:7      | XOM: divine lightning
  6318 | D:7      | Reached skill level 5 in Fighting
  6386 | D:7      | XOM: give mutations
  6386 | D:7      | Gained mutation: You passively dampen the noise of your
                  | surroundings. [Xom's mischief]
  6386 | D:7      | Gained mutation: Your flesh is heat resistant. (rF+) [Xom's
                  | mischief]
  6386 | D:7      | Gained mutation: You are frail. (-10% HP) [Xom's mischief]
  6412 | D:7      | Found Jirula's Antique Weapon Emporium.
  6412 | D:7      | XOM: give mutations
  6412 | D:7      | Gained mutation: You possess an exceptional clarity of
                  | mind. [Xom's grace]
  6412 | D:7      | Lost mutation: You are frail. (-10% HP) [Xom's grace]
  6545 | D:8      | XOM: noise
  6565 | D:8      | XOM: god gift: pair of embroidered gloves {god gift}
  6590 | D:8      | XOM: summons friendly quasit
  6594 | D:8      | Reached XP level 9. HP: 74/74 MP: 7/7
  6648 | D:8      | XOM: give mutations
  6648 | D:8      | Gained mutation: You have sharp toenails. [Xom's grace]
  6648 | D:8      | Gained mutation: Your muscles are strong. (Str +4, Int/Dex
                  | -1) [Xom's grace]
  6648 | D:8      | Lost mutation: You have sharp toenails. [Xom's grace]
  6648 | D:8      | Gained mutation: You have large cloven feet. [Xom's grace]
  6717 | D:8      | Reached skill level 6 in Fighting
  6717 | D:8      | Reached skill level 1 in Throwing
  6796 | D:8      | XOM: scenery: create altars
  6952 | D:8      | Reached skill level 14 in Maces & Flails
  7014 | D:8      | Reached skill level 2 in Throwing
  7085 | D:8      | XOM: give mutations
  7085 | D:8      | Gained mutation: You are robust. (+10% HP) [Xom's grace]
  7085 | D:8      | Gained mutation: You are strong-willed. (Will+) [Xom's
                  | grace]
  7113 | D:8      | XOM: scenery: create altars
  7576 | D:8      | Noticed Maggie
  7591 | D:8      | Killed Maggie
  7592 | D:8      | Reached skill level 7 in Fighting
  7648 | D:8      | XOM: confuse monster(s)
  7649 | D:8      | Reached skill level 3 in Throwing
  7674 | D:8      | XOM: scenery: summon butterflies
  7705 | D:8      | XOM: polymorph butterfly -> river rat
  7903 | D:8      | XOM: silly message
  7988 | D:8      | Found a hazy altar of Hepliaklqana.
  7989 | D:8      | Found a faded altar of an unknown god.
  8085 | D:8      | XOM: summons 3 hostile demons
  8185 | D:9      | XOM: silly message
  8239 | D:9      | XOM: give mutations
  8239 | D:9      | Gained mutation: You passively map a small area around you.
                  | [Xom's mischief]
  8239 | D:9      | Gained mutation: You are covered in fur. (AC +1) [Xom's
                  | mischief]
  8239 | D:9      | Lost mutation: You have large cloven feet. [Xom's mischief]
  8241 | D:9      | Reached skill level 4 in Throwing
  8244 | D:9      | Reached skill level 8 in Fighting
  8387 | D:9      | Reached XP level 10. HP: 95/96 MP: 8/8
  8434 | D:9      | XOM: fog
  8448 | D:9      | XOM: blink monster(s)
  8548 | D:9      | XOM: give mutations
  8548 | D:9      | Gained mutation: You are covered in thick fur. (AC +2)
                  | [Xom's mischief]
  8548 | D:9      | Gained mutation: You occasionally lose the ability to read
                  | scrolls when taking damage. [Xom's mischief]
  8548 | D:9      | Lost mutation: You passively map a small area around you.
                  | [Xom's mischief]
  8579 | D:9      | Noticed Prince Ribbit
  8584 | D:9      | Killed Prince Ribbit
  8652 | D:9      | Noticed a two-headed ogre
  8660 | D:9      | Killed a two-headed ogre
  8661 | D:9      | Reached skill level 15 in Maces & Flails
  8661 | D:9      | Reached skill level 5 in Throwing
  8691 | D:9      | Found a shimmering blue altar of Sif Muna.
  8720 | D:9      | Reached skill level 9 in Fighting
  8987 | D:10     | Entered Level 10 of the Dungeon
  9089 | D:10     | Found a sacrificial altar of Ru.
  9090 | D:10     | Found a glowing silver altar of Zin.
  9095 | D:10     | Noticed a two-headed ogre
  9120 | D:10     | Killed a two-headed ogre
  9122 | D:10     | XOM: 1-stop teleportation journey
  9306 | D:10     | Reached skill level 6 in Throwing
  9308 | D:10     | Found a staircase to the Lair.
  9328 | D:10     | XOM: smoke on damage
  9519 | D:10     | XOM: blink monster(s)
  9666 | D:10     | Reached skill level 10 in Fighting
  9748 | D:10     | XOM: blink monster(s)
 10113 | Lair:1   | Entered Level 1 of the Lair of Beasts
 10126 | Lair:1   | Noticed a spriggan rider
 10128 | Lair:1   | Noticed a cane toad
 10129 | Lair:1   | Found a transporter.
 10131 | Lair:1   | XOM: summons 1 hostile demon
 10137 | Lair:1   | Killed a cane toad
 10138 | Lair:1   | Reached XP level 11. HP: 74/110 MP: 8/8
 10150 | Lair:1   | Reached skill level 7 in Throwing
 10151 | Lair:1   | Found a bloodstained altar of Trog.
 10151 | Lair:1   | Noticed ooooo's ghost (journeyman OpCj)
 10156 | Lair:1   | Reached skill level 16 in Maces & Flails
 10276 | Lair:1   | XOM is BORED!
 10276 | Lair:1   | XOM: noise
 10364 | Lair:1   | XOM: divination: detect items
 10366 | Lair:1   | XOM: cleaving
 10372 | Lair:1   | XOM: noise
 10494 | Lair:1   | XOM: smoke on damage
 10497 | Lair:1   | HP: 10/166 [black mamba (10)]
 10501 | Lair:1   | Reached skill level 11 in Fighting
 10828 | Lair:1   | Noticed a death yak
 10828 | Lair:1   | Noticed a death yak
 10829 | Lair:1   | Noticed a death yak
 10829 | Lair:1   | Noticed a death yak
 10832 | Lair:1   | XOM: blink monster(s)
 10835 | Lair:1   | XOM: cast spell 'Summon Hydra'
 10838 | Lair:1   | XOM: potion effect (curing)
 10839 | Lair:1   | XOM: fog
 10855 | Lair:1   | XOM: confuse monster(s)
 11176 | Lair:1   | XOM: 1-stop teleportation journey
 11252 | Lair:1   | Reached skill level 8 in Throwing
 11298 | Lair:1   | Found a transporter.
 11298 | Lair:1   | Noticed a spriggan rider
 11299 | Lair:1   | XOM: cast spell 'Summon Horrible Things'
 11318 | Lair:1   | XOM: silly message
 11437 | Lair:1   | XOM: stat loss: -1 Str (21/22)
 11742 | Lair:1   | XOM: cloud trail
 12059 | Lair:1   | XOM: scenery: summon butterflies
 12107 | Lair:1   | XOM: cast spell 'Summon Cactus Giant'
 12109 | Lair:1   | Killed a death yak
 12112 | Lair:1   | XOM: polymorph cactus giant -> wandering mushroom
 12115 | Lair:1   | Killed a death yak
 12120 | Lair:1   | XOM: fog
 12125 | Lair:1   | Killed a death yak
 12126 | Lair:1   | Reached skill level 12 in Fighting
 12129 | Lair:1   | Killed a death yak
 12130 | Lair:1   | Reached skill level 17 in Maces & Flails
 12525 | Lair:1   | XOM: cast spell 'Leda's Liquefaction'
 12529 | Lair:1   | XOM: summons 1 hostile demon
 12531 | Lair:1   | Reached skill level 9 in Throwing
 12538 | Lair:1   | XOM: chaos upgrade
 12591 | Lair:1   | XOM: summons 5 hostile demons
 12655 | Lair:1   | XOM: silly message
 12801 | Lair:1   | XOM: torment (55/115 hp)
 13037 | Lair:1   | HP: 10/112 [spriggan/+0 dagger (9)]
 13037 | Lair:1   | Slain by a spriggan

Vanquished Creatures
  2 two-headed ogres
  3 death yaks (Lair:1)
  A black mamba (Lair:1)
  4 cane toads (Lair:1)
  Maggie (D:8)
  2 komodo dragons (Lair:1)
  A troll (D:10)
  A polar bear (Lair:1)
  Prince Ribbit (D:9)
  5 blink frogs (Lair:1)
  A hornet (Lair:1)
  A shadow (D:10)
  3 spriggans (Lair:1)
  A wyvern (D:10)
  6 yaks (Lair:1)
  2 wraiths
  A basilisk (Lair:1)
  A fire bat (D:7)
  3 steam dragons
  4 vampire mosquitoes (D:9)
  3 water moccasins
  An acid dragon (D:8)
  3 sky beasts
  An orc warrior (D:8)
  9 wolves
  An ogre (D:6)
  4 centaurs
  2 phantoms (D:5)
  2 kobold brigands (D:8)
  A gnoll sergeant (D:7)
  6 bullfrogs
  4 scorpions
  12 wights
  2 howler monkeys (D:9)
  4 electric eels (D:10)
  5 hounds
  2 jellies
  An orc priest (D:9)
  Crazy Yiuf (D:6)
  A gnoll bouda (D:8)
  2 sleepcaps
  2 orc wizards
  16 gnolls
  10 adders
  3 white imps
  An ufetubus (D:7)
  A worm (D:2)
  4 dart slugs
  14 orcs
  8 ball pythons
  3 endoplasms
  4 giant cockroaches
  3 goblins
  6 hobgoblins
  16 kobolds
  5 quokkas
  9 bats
  9 frilled lizards
  6 rats
231 creatures vanquished.

Vanquished Creatures (collateral kills)
  A death yak (Lair:1)
  A wyvern (Lair:1)
2 creatures vanquished.

Vanquished Creatures (others)
  A polar bear (D:7)
  A gnoll (D:7)
2 creatures vanquished.

Grand Total: 235 creatures vanquished

Table legend: (Time is in decaauts)
 A = Elapsed time spent in this place.
 B = Non-inter-level travel time spent in this place.
 C = Inter-level travel time spent in this place.
 D = Time resting spent in this place.
 E = Time spent auto-exploring this place.
 F = Levels seen in this place.
 G = Mean time per level.
                   A        B        C        D        E       F      G
               +--------+--------+--------+--------+--------+-----+--------+
         Total |  12953 |  12423 |    530 |   1974 |   8871 |  11 | 1177.5 |
       Dungeon |  10045 |   9622 |    423 |    771 |   7544 |  10 | 1004.5 |
          Lair |   2908 |   2802 |    106 |   1202 |   1327 |   1 | 2908.0 |
               +--------+--------+--------+--------+--------+-----+--------+

Top non-repeatable levels by time:
  Lair:1: 2908 daAuts
     D:8: 1537 daAuts
     D:6: 1216 daAuts
     D:5: 1155 daAuts
    D:10: 1105 daAuts
     D:4: 921 daAuts
     D:2: 910 daAuts
     D:9: 850 daAuts
     D:1: 823 daAuts
     D:7: 768 daAuts
     D:3: 757 daAuts

Table legend:
 A = Non-vault XP
 B = Vault XP
 C = Vault XP percentage of total XP
 D = Non-vault monster count
 E = Vault monster count
 F = Vault count percentage of total count
                 A         B        C        D         E       F
            +---------+---------+-------+---------+---------+-------
      Total |   17138 |    4565 |  21.0 |     208 |      26 |  11.1
            +---------+---------+-------+---------+---------+-------
        D:1 |      50 |       0 |   0.0 |      32 |       0 |   0.0
        D:2 |      76 |       0 |   0.0 |      23 |       0 |   0.0
        D:3 |      55 |      22 |  28.6 |      11 |       5 |  31.2
        D:4 |      20 |       0 |   0.0 |       5 |       0 |   0.0
        D:5 |     722 |       0 |   0.0 |      20 |       0 |   0.0
        D:6 |     452 |      40 |   8.1 |       7 |       1 |  12.5
        D:7 |    1183 |       0 |   0.0 |      17 |       0 |   0.0
        D:8 |    1374 |     479 |  25.8 |      30 |       2 |   6.2
        D:9 |    2574 |     286 |  10.0 |      22 |       1 |   4.3
       D:10 |    1273 |    2004 |  61.2 |      12 |      10 |  45.5
     Lair:1 |    9359 |    1734 |  15.6 |      29 |       7 |  19.4
            +---------+---------+-------+---------+---------+-------
